 Dungeon Crawl Stone Soup version 0.29-b1-12-g9e2288ab2a (webtiles) character file.

Game seed: 15394298638152140170

36 worthlessgem the Scratcher (level 3, 0/15 HPs)
             Began as a Felid Transmuter on Aug 24, 2022.
             Slain by a gnoll
             ... wielding a +0 spear
              (6 damage)
             ... on level 2 of the Dungeon.
             The game lasted 00:03:59 (1388 turns).

worthlessgem the Scratcher (Felid Transmuter)       Turns: 1388, Time: 00:04:00

Health: 0/15       AC:  1    Str:  8    XL:     3   Next: 19%
Magic:  6/7        EV: 17    Int: 14    God:
Gold:   54         SH:  0    Dex: 16    Spells: 5/6 levels left
                                        Lives:  0   Deaths: 0

rFire   . . .      SeeInvis +     - Unarmed
rCold   . . .      Faith    .   (shield unavailable)
rNeg    . . .      Spirit   .   (body armour unavailable)
rPois   .          Reflect  .   (helmet unavailable)
rElec   .          Harm     .   (cloak unavailable)
rCorr   .          Rampage  .   (gloves unavailable)
Will    .....                   (boots unavailable)
Stlth   ++........              (no amulet)
HPRegen 0.05/turn               (no ring)
MPRegen 0.10/turn               (no ring)

@: appendages (expiring), quick
A: horns 2, very small, claws 1, fangs 3, see invisible, speed 1, shaggy fur 1,
stealthy paws, no weapons or thrown items, no armour, multi-lived
a: End Transformation


You were on level 2 of the Dungeon.
You had temporarily grown beastly horns.
You visited 1 branch of the dungeon, and saw 2 of its levels.

You collected 54 gold pieces.

Inventory:

Wands
 i - a wand of iceblast (13)
Scrolls
 b - a scroll of immolation {unknown}
 e - a scroll of enchant weapon {unknown}
 g - a scroll of noise {unknown}
 h - a scroll of amnesia {unknown}
Potions
 a - a potion of lignification
 c - 3 potions of curing {unknown}
 d - a potion of mutation {unknown}
 f - a potion of might {unknown}


   Skills:
 - Level 1.0 Fighting
 - Level 2.6 Dodging
 - Level 2.0 Stealth
 + Level 4.0 Unarmed Combat
 - Level 2.0 Spellcasting
 - Level 2.1 Transmutations


You had 5 spell levels left.
You knew the following spells:

 Your Spells              Type           Power      Damage    Failure   Level
a - Beastly Appendage     Tmut           14%        N/A       10%         1

Your spell library contained the following spells:

 Spells                   Type           Power      Damage    Failure   Level
 Wereblood                Tmut           7%         N/A       14%         2
 Spider Form              Tmut/Pois      4%         N/A       41%         3
 Ice Form                 Ice/Tmut       4%         N/A       83%         4


Dungeon Overview and Level Annotations

Branches:
Dungeon (2/15)

Altars:

Annotations:
D:2 exclusion: adder


Innate Abilities, Weirdness & Mutations

You have temporarily grown beastly horns.
You have sharp claws.
You have razor-sharp teeth.
You have supernaturally acute eyesight. (SInv)
You cover ground quickly. (Speed+)
You are covered in fur. (AC +1)
Your paws help you pounce on unaware monsters.
You are incapable of wielding weapons or throwing items.
You cannot wear armour.
You gain extra lives every three experience levels.


Message History

You kill the adder!
Your transformation is almost over.
You have reached level 3!
Your experience leads to an increase in your attributes!
Increase (S)trength, (I)ntelligence, or (D)exterity?
You feel stronger. x2
You claw the goblin!
You kill the goblin!
Your Unarmed Combat skill increases to level 4!
You scratch the hobgoblin. You headbutt the hobgoblin.
You kill the hobgoblin!
You barely miss the rat. The rat closely misses you.
You barely miss the rat. The rat barely misses you.
You scratch the rat but do no damage. The rat misses you.
You scratch the rat.
You kill the rat!
Things that are here:
a +0 club; an adder corpse Your horns disappear.
You grow a pair of large bovine horns.
The goblin shouts!
The goblin hits you with a +0 dagger.
You claw the goblin!
You kill the goblin!
No target in view!
Your transformation is almost over.
Your horns disappear.
You grow a pair of large bovine horns. 2 gnolls come into view.
The gnoll shouts! x3
The gnoll hits you from afar with a +0 spear.
Your transformation is almost over.
The gnoll completely misses you. The gnoll closely misses you.
You scratch the gnoll.
The gnoll is heavily wounded.
The gnoll closely misses you. The gnoll hits you with a +0 spear.
The gnoll closely misses you. The gnoll closely misses you.
The gnoll hits you from afar with a +0 spear.
You die...

###.............
................ .
###.....###.....
..######...###.........
...............#######.
#..........### #.
####...###..##### #
#.######.....#####
##@#...............
#.?.........#####..
#.ggg.....>..<......##
#....##...........###...
#....# #...........#
#### ..### ##.........##
. ##...#...## #########


You could see 3 gnolls.

Vanquished Creatures
  An adder (D:2)
  5 ball pythons
  4 endoplasms
  A giant cockroach (D:1)
  3 hobgoblins
  2 kobolds
  A quokka (D:2)
  A bat (D:2)
  A frilled lizard (D:1)
  4 goblins
  3 rats
26 creatures vanquished.

Notes
Turn   | Place    | Note
-------+----------+-------------------------------------------
     0 | D:1      | worthlessgem the Felid Transmuter began the quest for the
                  | Orb.
     0 | D:1      | Reached XP level 1. HP: 9/9 MP: 4/4
    80 | D:1      | Reached skill level 1 in Stealth
   436 | D:1      | Reached XP level 2. HP: 9/12 MP: 6/6
  1277 | D:2      | Reached XP level 3. HP: 14/15 MP: 5/7
  1278 | D:2      | Reached skill level 4 in Unarmed Combat
  1388 | D:2      | Slain by a gnoll

Illustrated notes

Levels and vault maps discovered:
D:1:      lightli_arrival_chessboard, layout_loops_ring
D:2:      layout_rooms

Skill      XL: |  1  2  3 |
---------------+----------+-----
Stealth        | 2 |  2.0
Unarmed Combat | 4 |  4.0
Fighting       | |  1.0
Dodging        | |  2.6
Spellcasting   | |  2.0
Transmutations | |  2.1

Action                   || total
-------------------------++-------
Melee: Unarmed           ||    56
       Headbutt          ||     5
       Bite              ||     4
 Cast: Beastly Appendage ||    16
 Stab: Sleeping          ||     4
Armor: Skin              ||     3
Dodge: Dodged            ||    33
